 Dungeon Crawl Stone Soup version 0.27-a0-1158-gaa87e14f67 (webtiles) character file.

Game seed: 16804748012995381053

9786 Delamore the Thrower (level 11, -7/63 HPs)
             Began as a Gargoyle Fighter on May 15, 2021.
             Was a High Priest of Kikubaaqudgha.
             Mangled by an ice devil (19 damage)
             ... on level 1 of the Lair of Beasts.
             The game lasted 00:16:45 (12213 turns).

Delamore the Thrower (Gargoyle Fighter)            Turns: 12213, Time: 00:16:46

Health: -7/63      AC: 31    Str: 24    XL:     11   Next: 51%
Magic:  2/2        EV:  8    Int:  8    God:    Kikubaaqudgha [*****.]
Gold:   715        SH: 10    Dex: 13    Spells: 10/10 levels left

rFire    + + .     SeeInvis .   G - +1 morningstar (protect)
rCold    . . .     Faith    .   c - +0 kite shield
rNeg     + . .     Spirit   .   I - +1 ring mail of Zinnenla {rF++ Regen+ MP-9 Dex+4}
rPois    ∞         Reflect  .   e - +0 helmet
rElec    +         Harm     .   (no cloak)
rCorr    .         Rampage  .   i - +0 pair of gloves
Will     .....                  u - +2 pair of boots
Stlth    +.........             v - amulet of regeneration
HPRegen  2.20/turn              E - +4 ring of protection
MPRegen  0.08/turn              s - ring of flight

@: under a protective aura, flying
A: sickness immunity, AC +8, negative energy resistance 1, electricity
resistance, torment resistance 1, petrification resistance
a: Renounce Religion, Receive Corpses, Torment


You were on level 1 of the Lair of Beasts.
You worshipped Kikubaaqudgha.
Kikubaaqudgha was extremely pleased with you.
You visited 3 branches of the dungeon, and saw 13 of its levels.
You also visited: Sewer.

You collected 715 gold pieces.

Inventory:

Hand Weapons
 G - a +1 morningstar of protection (weapon)
Missiles
 r - 39 poisoned darts (quivered)
 F - a throwing net
 H - 16 boomerangs
Armour
 c - a +0 kite shield (worn)
 e - a +0 helmet (worn)
 i - a +0 pair of gloves (worn)
 u - a +2 pair of boots (worn)
 I - the +1 ring mail of Zinnenla (worn) {rF++ Regen+ MP-9 Dex+4}
   (You found it on level 9 of the Dungeon)

   It affects your dexterity (+4).
   It greatly protects you from fire.
   It affects your magic capacity (-9).
   It increases your rate of health regeneration.
 M - a +2 tower shield
Jewellery
 g - an amulet of reflection
 s - a ring of flight (right hand)
 v - an amulet of regeneration (around neck)
 w - an amulet of faith
 x - a ring of wizardry
 E - a +4 ring of protection (left hand)
Wands
 y - a wand of iceblast (3)
 O - a wand of paralysis (7)
Scrolls
 f - 3 scrolls of noise
 k - 2 scrolls of enchant weapon
 m - 6 scrolls of teleportation
 n - a scroll of magic mapping
 p - 2 scrolls of fear {unknown}
 q - 2 scrolls of amnesia {unknown}
 t - 2 scrolls of torment {unknown}
 z - a scroll of fog {unknown}
 D - 2 scrolls of immolation
 J - 2 scrolls of blinking {unknown}
 N - a scroll of identify
Potions
 a - a potion of brilliance {unknown}
 b - a potion of berserk rage {unknown}
 d - 5 potions of might
 h - 5 potions of curing
 j - 2 potions of invisibility {unknown}
 l - a potion of magic {unknown}
 o - 4 potions of haste {unknown}
 A - a potion of mutation {unknown}
 B - 3 potions of degeneration {unknown}
 C - a potion of flight {unknown}
 K - a potion of resistance {unknown}
 P - a potion of lignification {unknown}
Miscellaneous
 L - a lightning rod (4/4)


   Skills:
 - Level 5.0 Fighting
 + Level 12.8 Maces & Flails
 + Level 13.0 Throwing
 - Level 3.2 Armour
 - Level 5.0 Shields


You had 10 spell levels left.
You didn't know any spells.
Your spell library contained the following spells:

 Spells                   Type           Power      Damage    Failure   Level
 Animate Skeleton         Necr           0%         N/A       94%         1
 Pain                     Necr           0%         1d4       94%         1
 Corpse Rot               Necr/Air       N/A        N/A       98%         2
 Vampiric Draining        Necr           0%         2d6       100%        3
 Animate Dead             Necr           0%         N/A       100%        4
 Dispel Undead            Necr           0%         3d6       100%        4
 Summon Lightning Spire   Summ/Air       0%         N/A       100%        4
 Agony                    Necr           0%         N/A       100%        5
 Borgnjor's Vile Clutch   Necr/Erth      0%         N/A       100%        5
 Excruciating Wounds      Necr           0%         N/A       100%        5
 Silence                  Hex/Air        0%         N/A       100%        5
 Conjure Ball Lightning   Conj/Air       0%         3x3d6     100%        6
 Tornado                  Air            0%         N/A       100%        9


Dungeon Overview and Level Annotations

Branches:
Dungeon (11/15)            Temple (1/1) D:7            Lair (1/6) D:10
    Orc (0/2) D:11          Sewer (visited)

Altars:
Ashenzari
Cheibriados
Dithmenos
Elyvilon
Hepliaklqana
Kikubaaqudgha
Makhleb
Nemelex Xobeh
Okawaru
Ru
Sif Muna
Uskayaw
Vehumet
Wu Jian
Xom
Yredelemnul
Zin
The Shining One
Beogh

Shops:
D:2 [   D:8 (

Portals:
Trove: D:11 (give 6 scrolls of fog)


Innate Abilities, Weirdness & Mutations

You are immune to sickness and miasma.
Your stone body is resilient. (AC +8)
You are immune to poison.
You resist negative energy. (rN+)
You are resistant to electric shocks. (rElec)
You are resistant to unholy torment.
You are immune to petrification.


Message History

You sock the ice devil!
The ice devil is almost dead.
You kill the ice devil!
Kikubaaqudgha accepts your kill.
The ice devil hits you but does no damage.
Your Throwing skill increases to level 13!
You barely miss the ice devil. The ice devil completely misses you.
You block the ice devil's attack.
You thump the ice devil!
The ice devil is moderately wounded.
You block the ice devil's attack.
You hit the ice devil but do no damage.
The ice devil is moderately wounded.
The ice devil hits you but does no damage.
You hit the ice devil.
The ice devil is heavily wounded.
The ice devil misses you.
You hit the ice devil but do no damage.
The ice devil is heavily wounded.
The ice devil hits you! The ice devil freezes you!
You hit the ice devil but do no damage.
The ice devil is heavily wounded.
You block the ice devil's attack.
You puncture the ice devil!
The ice devil is severely wounded.
The ice devil hits you. The ice devil freezes you!
You hit the ice devil but do no damage.
The ice devil is severely wounded.
You hear the faint crackling of a melting archway very nearby.
The ice devil hits you! The ice devil freezes you!!
* * * LOW HITPOINT WARNING * * *
You are too injured to fight recklessly!
You are too injured to fight recklessly!
Okay, then.
Okay, then.
You feel better. The ice devil hits you.
* * * LOW HITPOINT WARNING * * *
The ice devil freezes you!!
You die...
Kikubaaqudgha rasps: "You have failed me!
Welcome... oblivion!"

*,,**,,∩,,* ##.≈.≈≈.
*,,**.(.,,* ##≈≈≈≈≈≈≈
*,,**,..,,**** ##.≈≈≈≈≈≈≈
**,**,.(,,**.###..≈≈≈≈≈≈≈
*,***#.***#......≈≈≈...≈
#,* *#(## #......≈≈≈.<.≈
##.* *,..# #......≈≈≈...≈
#.)###+#4# #......≈≈≈≈≈≈≈
*#......@# *#......≈≈≈≈≈≈
#.......#* **#....≈≈≈≈≈≈
#.....##.# #.....≈≈.≈.
#.....#*## #.....#####
#.....# ##....## **
#.$...# ####P.....###*,
#.....####.###.........,
#.......................
###.##########P#.#######


You could see an ice devil.

Vanquished Creatures
  2 two-headed ogres
  2 komodo dragons (D:11)
  Psyche (D:8)
  An unseen horror (D:11)
  A kobold demonologist (D:9)
  An ice devil (Lair:1)
  3 trolls
  Prince Ribbit (D:5)
  A meliai zombie (D:11)
  A shadow (D:10)
  7 yaks
  A water elemental (D:11)
  A wraith (D:9)
  A wyvern (D:11)
  Eustachio (D:6)
  A basilisk (D:11)
  The ghost of stripedtigrrr the Sneak, an amateur OpDe of Okawaru (D:3)
  A water moccasin (D:7)
  An acid dragon (D:6)
  2 black bears
  An ice beast (D:8)
  2 sky beasts
  An ogre (D:5)
  4 orc warriors
  A necrophage (D:8)
  6 centaurs
  A kobold brigand (D:9)
  6 bullfrogs
  4 scorpions
  A water moccasin skeleton (D:5)
  5 killer bees (D:9)
  4 wights (D:8)
  4 howler monkeys
  A bullfrog zombie (D:6)
  4 centaur zombies
  2 orc priests
  A jelly (D:6)
  2 bullfrog skeletons
  2 centaur skeletons
  9 iguanas
  5 orc wizards
  A hound zombie (D:5)
  4 gnolls
  A howler monkey skeleton (D:7)
  6 adders
  2 white imps (D:6)
  An adder skeleton (D:4)
  2 worms (D:2)
  A dart slug (D:5)
  26 orcs
  4 endoplasms
  2 giant cockroaches
  16 hobgoblins
  12 jackals
  15 kobolds
  5 quokkas
  7 ball pythons
  A bat (D:2)
  10 frilled lizards
  9 goblins
  6 rats
228 creatures vanquished.

Vanquished Creatures (others)
  7 fungi (D:10)
  24 plants
31 creatures vanquished.

Grand Total: 259 creatures vanquished

Notes
Turn   | Place    | Note
-------+----------+-------------------------------------------
     0 | D:1      | Delamore the Gargoyle Fighter began the quest for the Orb.
     0 | D:1      | Reached XP level 1. HP: 14/14 MP: 1/1
   687 | D:1      | Found a faded altar of an unknown god.
   791 | D:1      | Reached XP level 2. HP: 19/19 MP: 2/2
   912 | D:1      | Became a worshipper of Kikubaaqudgha
   912 | D:1      | Reached * piety under Kikubaaqudgha
   912 | D:1      | Identified Kikubaaqudgha's Papyrus of Necromancy
                  | (Kikubaaqudgha gifted it to you on level 1 of the Dungeon)
   912 | D:1      | Received a gift from Kikubaaqudgha
  1604 | D:2      | Reached XP level 3. HP: 23/24 MP: 3/3
  1642 | D:2      | Reached XP level 4. HP: 22/29 MP: 4/4
  2115 | D:2      | Identified a scroll of acquirement
  2116 | D:2      | Acquired a manual of Throwing
  2457 | D:2      | Reached XP level 5. HP: 34/34 MP: 5/5
  2508 | D:2      | Found Niem's Armour Boutique.
  2846 | D:3      | Found a broken altar of Ashenzari.
  3029 | D:3      | Reached ** piety under Kikubaaqudgha
  3036 | D:3      | Found a glowing drain.
  3041 | Sewer    | Entered a sewer
  4721 | D:3      | Reached XP level 6. HP: 40/40 MP: 6/6
  4812 | D:3      | Found a large runed translucent door.
  4813 | D:3      | Found a large runed translucent door.
  4815 | D:3      | Noticed stripedtigrrr's ghost (amateur OpDe)
  4857 | D:3      | Found a radiant altar of Vehumet.
  5093 | D:3      | Reached skill level 5 in Fighting
  5093 | D:3      | Reached skill level 5 in Shields
  5429 | D:4      | Noticed a black bear
  5444 | D:4      | Killed a black bear
  5445 | D:4      | Reached skill level 2 in Throwing
  5489 | D:4      | Reached skill level 5 in Maces & Flails
  5489 | D:4      | Reached XP level 7. HP: 44/44 MP: 7/7
  5676 | D:4      | Reached *** piety under Kikubaaqudgha
  5676 | D:4      | Identified Kikubaaqudgha's Tome of Stolen Souls
                  | (Kikubaaqudgha gifted it to you on level 4 of the Dungeon)
  5676 | D:4      | Received a gift from Kikubaaqudgha
  5745 | D:4      | Reached skill level 3 in Throwing
  5940 | D:5      | Entered Level 5 of the Dungeon
  6089 | D:5      | Reached skill level 4 in Throwing
  6167 | D:5      | Found a hide-covered altar of Uskayaw.
  6364 | D:5      | Noticed Prince Ribbit
  6388 | D:5      | Killed Prince Ribbit
  6389 | D:5      | Reached skill level 5 in Throwing
  6389 | D:5      | Reached XP level 8. HP: 49/49 MP: 8/8
  6620 | D:5      | Reached skill level 6 in Throwing
  7108 | D:6      | Noticed Eustachio
  7127 | D:6      | Killed Eustachio
  7702 | D:6      | Reached XP level 9. HP: 32/54 MP: 9/9
  8229 | D:7      | Found a staircase to the Ecumenical Temple.
  8274 | D:7      | Reached skill level 7 in Throwing
  8317 | D:7      | Found a sparkling altar of Nemelex Xobeh.
  8965 | D:3      | Killed stripedtigrrr's ghost
  9092 | Temple   | Entered the Ecumenical Temple
  9194 | D:8      | Reached skill level 8 in Throwing
  9480 | D:8      | Reached skill level 10 in Maces & Flails
  9480 | D:8      | Reached skill level 9 in Throwing
  9572 | D:8      | Noticed Psyche
  9611 | D:8      | Killed Psyche
  9612 | D:8      | Reached skill level 10 in Throwing
  9612 | D:8      | Reached XP level 10. HP: 59/59 MP: 10/10
  9655 | D:8      | Found a white marble altar of Elyvilon.
  9655 | D:8      | Found a glowing silver altar of Zin.
  9655 | D:8      | Found a glowing golden altar of the Shining One.
  9709 | D:8      | Found Nuedos's Antique Weapon Boutique.
  9727 | D:8      | Reached **** piety under Kikubaaqudgha
 10075 | D:9      | Identified the +1 ring mail of Zinnenla {rF++ Regen+ MP-9
                  | Dex+4}
 10365 | D:9      | Noticed a kobold demonologist
 10378 | D:9      | Killed a kobold demonologist
 10379 | D:9      | Reached skill level 11 in Throwing
 10532 | D:10     | Entered Level 10 of the Dungeon
 10689 | D:10     | Noticed a two-headed ogre
 10699 | D:10     | Killed a two-headed ogre
 10700 | D:10     | Reached skill level 12 in Throwing
 10728 | D:10     | Found an iron altar of Okawaru.
 10736 | D:10     | Found an ornate altar of the Wu Jian Council.
 10738 | D:10     | Found a shimmering altar of Xom.
 10746 | D:10     | Found a shimmering blue altar of Sif Muna.
 10763 | D:10     | Reached XP level 11. HP: 63/63 MP: 2/11
 10774 | D:10     | Reached ***** piety under Kikubaaqudgha
 10790 | D:10     | Found a shadowy altar of Dithmenos.
 11061 | D:10     | Found a staircase to the Lair.
 11171 | D:11     | Found a staircase to the Orcish Mines.
 11428 | D:11     | Found a portal to a secret trove of treasure.
 11664 | D:11     | Noticed a two-headed ogre
 11681 | D:11     | Killed a two-headed ogre
 12162 | Lair:1   | Entered Level 1 of the Lair of Beasts
 12205 | Lair:1   | Reached skill level 13 in Throwing
 12213 | Lair:1   | Mangled by an ice devil

Illustrated notes

Levels and vault maps discovered:
D:1:      lemuel_arrival_rhombus, layout_loops_ring,
          hellmonk_ecumenical_altar_run_dry, chequers_serial_rivers_micro_c
D:2:      layout_loops_corners, serial_shops, nicolae_shop_trees,
          minmay_pentomino_u2
D:3:      layout_loops_ring, lemuel_coloured_pillars_altar, ashenzari_altar_1,
          gup_sewer_entry_bowl, ebering_ghost_disaster_area
D:4:      cheibrodos_greedy_goblins, layout_rooms
D:5:      layout_loops_corners, general_overflow_altar,
          hangedman_abyss_or_decor_passed, uniq_prince_ribbit1
D:6:      layout_gridville, uniq_eustachio
D:7:      layout_loops_corners, kennysheep_mini_moat,
          minmay_temple_entry_purple_smoke
D:8:      layout_basic, good_gods_mini_temple, serial_shops, kennysheep_mini,
          special_room [special_room_orc], uniq_psyche
D:9:      layout_basic
D:10:     layout_rooms, grunt_temple_overflow_open,
          grunt_lair_entry_orc_guard_hut
D:11:     layout_basic, orc_0_dummy, nicolae_trove_entry_columns,
          minmay_lizard_king
Temple:   eino_temple_lava
Lair:1:   layout_chaotic_city, portal_ice_cave_demonic_guard,
          grunt_megastairs_5, infiniplex_staircase_pool_2

Skill      XL: |  1  2  3  4  5  6  7  8  9 10 11 |
---------------+----------------------------------+-----
Fighting       | 4 5 |  5.0
Shields        | 4 5 |  5.0
Maces & Flails | 3 5 6 8 10 12 | 12.8
Throwing       | 2 5 6 10 12 13 | 13.0
Armour         | |  3.2

Action                   |  1- 3 |  4- 6 |  7- 9 | 10-12 || total
-------------------------+-------+-------+-------+-------++-------
Melee: Flail             |   107 |   328 |     6 |       ||   441
       Whip              |       |       |   294 |       ||   294
       Morningstar       |       |       |    11 |   277 ||   288
       Unarmed           |       |       |     2 |       ||     2
Throw: Dart              |       |     3 |    89 |   104 ||   196
       Boomerang         |       |       |     4 |    10 ||    14
Evoke: Wand              |       |       |     2 |       ||     2
  Use: Scroll            |       |     6 |     2 |     1 ||     9
       Potion            |       |       |       |     1 ||     1
Armor: Scale mail        |    63 |   195 |   101 |       ||   359
       Acid dragon scale |       |       |    55 |    40 ||    95
       Ring mail         |       |       |       |   266 ||   266
Dodge: Dodged            |    42 |    98 |    78 |   163 ||   381
Block: Kite shield       |    54 |   324 |   126 |   240 ||   744
       Reflection        |       |     1 |       |       ||     1

Table legend: (Time is in decaauts)
 A = Elapsed time spent in this place.
 B = Non-inter-level travel time spent in this place.
 C = Inter-level travel time spent in this place.
 D = Time resting spent in this place.
 E = Time spent auto-exploring this place.
 F = Levels seen in this place.
 G = Mean time per level.
                   A        B        C        D        E       F      G
               +--------+--------+--------+--------+--------+-----+--------+
         Total |  12581 |  11775 |    806 |    838 |   8451 |  14 |  898.6 |
       Dungeon |  11599 |  10820 |    779 |    838 |   7763 |  11 | 1054.5 |
        Temple |      1 |      1 |      0 |      0 |      0 |   1 |    1.0 |
          Lair |     50 |     23 |     27 |      0 |      0 |   1 |   50.0 |
         Sewer |    929 |    929 |      0 |      0 |    688 |   1 |  929.0 |
               +--------+--------+--------+--------+--------+-----+--------+

Top non-repeatable levels by time:
     D:2: 1727 daAuts
     D:3: 1633 daAuts
     D:1: 1331 daAuts
     D:6: 1212 daAuts
     D:5: 1036 daAuts
    D:11: 994 daAuts
   Sewer: 929 daAuts
     D:7: 812 daAuts
     D:4: 799 daAuts
     D:8: 762 daAuts
     D:9: 693 daAuts
    D:10: 594 daAuts
  Lair:1: 50 daAuts
  Temple: 1 daAuts
